AoeStats
← Poopybuttsmelly

Arena

504780453Analyzed
3v3 RM · 27d ago on Sep 6, 2026· 26m 6s· 6 players
Game mode
Random Map
Map size
Normal (6 player)
Population
200
Speed
Normal
Resources
Standard
Victory
Conquest
Starting age
Dark Age
Ending age
Imperial Age
RankedLock teamsTeams togetherTeam positionsShared explorationLock speedFull tech treeHidden civsTurbo modeCheats
Victory
Defeat
🇹🇼 Burgundians · Taiwan
1059
+15
🇹🇼 Italians · Taiwan
1058
+15
🇹🇼 Turks · Taiwan
1057
+15
🇦🇺 Vikings · Australia
1137
-20
🇺🇸 Portuguese · United States
994
-13
🇺🇸 Khmer · United States
957
-12
Poopybuttsmelly
10:21 Feudal Age
10:57 Loom
14:38 Castle Age
12:57 Double-Bit Axe
13:15 Horse Collar
20:07 Bow Saw
Nosjir
12:12 Feudal Age
10:29 Loom
16:47 Castle Age
15:15 Double-Bit Axe
15:15 Horse Collar
20:13 Heavy Plow
vladtheimpalerofyourmom
11:11 Feudal Age
15:23 Castle Age
14:03 Double-Bit Axe
14:01 Horse Collar
17:53 Bow Saw
18:44 Heavy Plow
TURTLE KING
11:14 Feudal Age
13:16 Double-Bit Axe
15:34 Castle Age
20:04 Imperial Age
22:33 Fletching
xnbhdx
5:52 Double-Bit Axe
6:21 Horse Collar
11:19 Feudal Age
14:07 Bow Saw
15:18 Heavy Plow
20:58 Castle Age
18:54 Gold Mining
23:15 Two-Man Saw
22:47 Crop Rotation
23:50 Stone Mining
26:34 Wheelbarrow
aaron.su210
11:55 Feudal Age
16:04 Castle Age
14:19 Double-Bit Axe
22:10 Imperial Age
20:53 Fletching
24:16 Chemistry
24:17 Bodkin Arrow
Connection lost

Rejoining the realm…

Still unreachable

The connection could not be restored.

Session expired

The server has moved on; the page needs a fresh start.